 Dungeon Crawl Stone Soup version 0.30-a0-459-g9104f0fc43 (webtiles) character file.

Game seed: 8907300302656463980

849 pokeman the Thaumaturge (level 7, -1/39 HPs)
             Began as a Deep Elf Hedge Wizard on Dec 15, 2022.
             Slain by a lemure (4 damage)
             ... led by Pikel
             ... on level 4 of the Dungeon.
             The game lasted 00:10:07 (4358 turns).

pokeman the Thaumaturge (Deep Elf Hedge Wizard)     Turns: 4358, Time: 00:10:07

Health: -1/39      AC:  3    Str: 13    XL:     7   Next: 69%
Magic:  17/20      EV: 12    Int: 21    God:
Gold:   235        SH:  0    Dex: 14    Spells: 14/22 levels left

rFire   . . .      SeeInvis .    w - +1 rapier (venom)
rCold   . . .      Faith    .    (no shield)
rNeg    . . .      Spirit   .    m - +0 leather armour
rPois   .          Reflect  .    c - +0 hat
rElec   .          Harm     .    (no cloak)
rCorr   .          Rampage  .    (no gloves)
Will    .....                    (no boots)
Stlth   ++........               (no amulet)
HPRegen 0.26/turn                v - +6 ring of strength
MPRegen 0.17/turn                (no ring)

@: no status effects
A: no striking features
a: no special abilities


You were on level 4 of the Dungeon.
You visited 1 branch of the dungeon, and saw 4 of its levels.

You collected 235 gold pieces.

Inventory:

Hand Weapons
 w - a +1 rapier of venom (weapon)
Missiles
 u - 4 curare-tipped darts
Armour
 c - a +0 hat (worn)
 g - a +0 buckler
 m - a +0 leather armour (worn)
Magical Staves
 e - a staff of fire
 f - a staff of poison
Jewellery
 v - a +6 ring of strength (left hand)
Wands
 l - a wand of flame (25)
Scrolls
 b - 3 scrolls of teleportation {unknown}
 h - a scroll of enchant armour {unknown}
 p - a scroll of brand weapon {unknown}
 r - a scroll of butterflies {unknown}
 s - a scroll of noise {unknown}
 x - a scroll of vulnerability {unknown}
 y - a scroll of magic mapping {unknown}
Potions
 a - a potion of haste {unknown}
 d - a potion of magic
 i - a potion of berserk rage {unknown}
 j - 3 potions of curing {unknown}
 k - a potion of ambrosia {unknown}
 n - a potion of flight {unknown}
 o - 2 potions of brilliance {unknown}
 q - a potion of cancellation {unknown}
 t - 3 potions of mutation {unknown}


   Skills:
 + Level 1.8 Fighting
 - Level 1.7 Armour
 - Level 3.0 Dodging
 - Level 3.0 Stealth
 - Level 1.2 Shields
 * Level 8.4 Spellcasting
 + Level 4.2 Conjurations
 - Level 1.1 Summonings
 - Level 1.1 Translocations
 + Level 1.5 Fire Magic
 - Level 1.0 Air Magic
 - Level 1.2 Poison Magic
 - Level 1.2 Evocations


You had 14 spell levels left.
You knew the following spells:

 Your Spells              Type           Power      Damage    Failure   Level
a - Magic Dart            Conj           100%       1d8       1%          1
b - Mephitic Cloud        Conj/Pois/Air  18%        N/A       12%         3
c - Call Imp              Summ           13%        N/A       10%         2
d - Blink                 Tloc           26%        N/A       10%         2

Your spell library contained the following spells:

 Spells                   Type           Power      Damage    Failure   Level
 Sting                    Tmut/Pois      44%        1d5       8%          1
 Poisonous Vapours        Pois/Air       26%        N/A       9%          2
 Slow                     Hex            32%        N/A       10%         1
 Cigotuvi's Dreadful Rot  Necr/Pois/Air  24%        N/A       11%         2
 Olgreb's Toxic Radiance  Pois           14%        N/A       50%         4


Dungeon Overview and Level Annotations

Branches:
Dungeon (4/15)
 Temple: D:4-7

Altars:
Elyvilon
Qazlal
Ru
Uskayaw
Yredelemnul

Annotations:
D:4 1 runed translucent door, Crazy Yiuf, Pikel


Message History

That felt strangely unrewarding.
A goblin comes into view. It is wielding a +0 club.
Pikel is engulfed in noxious fumes.
Pikel appears confused.
The adder barely misses you. The lemure closely misses you.
Pikel is engulfed in noxious fumes.
Pikel appears confused.
You barely miss the adder. The adder barely misses you. The adder bites you.
The lemure hits you.
The lemure is engulfed in noxious fumes.
Unknown command.
You barely miss Pikel. The adder bites you. The lemure barely misses you.
The lemure misses the lemure.
Pikel barely misses you.
Pikel hits himself with a +2 whip of freezing.
Pikel freezes himself.
The adder barely misses you.
Unknown command.
You catch the helpless Pikel completely off-guard!
You hit Pikel.
Pikel is poisoned.
Pikel is lightly wounded.
The lemure closely misses the lemure.
The lemure hits you. The adder closely misses you.
Unknown command.
You barely miss Pikel.
Pikel is lightly wounded.
The adder bites you. The lemure closely misses you.
The adder closely misses you.
Unknown command.
You puncture the adder!
The adder is poisoned.
The adder is severely wounded.
The lemure seems less confused.
You kill the adder!
The lemure hits you. x4
* * * LOW HITPOINT WARNING * * *
Pikel closely misses you.
Pikel hits himself with a +2 whip of freezing!
Pikel freezes himself.
You hit Pikel.
Pikel looks as sick as possible!
Pikel is severely wounded.
The lemure barely misses you. The lemure hits you!
* * * LOW HITPOINT WARNING * * *
The lemure hits you.
You die...

......###....#
.###.........## ##
#.....####.# ### #
##..### #.## ##.# #..#
#..###..##
#############..#..##.##
...........##....####.##
#...#...#..#......####.#
.........._#...†@K.###.#
#...#...#..#...555..#.##
...........#....g..#..#
############......#####
.........# #.......#.#
#........## #........
#..###...#


You could see Pikel (confused, extremely poisoned), 3 lemures and a goblin.

Vanquished Creatures
  Sigmund (D:2)
  Duvessa (D:4)
  2 ogres (D:4)
  A lemure (D:4)
  Dowan (D:4)
  A jelly (D:4)
  2 hounds (D:4)
  An orc priest (D:4)
  An iguana (D:4)
  8 gnolls
  5 adders
  An ufetubus (D:4)
  3 worms
  4 dart slugs
  8 orcs
  3 bats
  5 endoplasms
  2 giant cockroaches
  8 goblins
  5 hobgoblins
  4 jackals (D:2)
  8 kobolds
  8 quokkas
  5 ball pythons
  3 frilled lizards
  5 rats
96 creatures vanquished.

Vanquished Creatures (others)
  4 plants
4 creatures vanquished.

Grand Total: 100 creatures vanquished

Notes
Turn   | Place    | Note
-------+----------+-------------------------------------------
     0 | D:1      | pokeman the Deep Elf Hedge Wizard began the quest for the
                  | Orb.
     0 | D:1      | Reached XP level 1. HP: 10/10 MP: 7/7
   326 | D:1      | Reached XP level 2. HP: 15/15 MP: 7/9
   389 | D:1      | You fall into a shaft and drop 1 floor!
   548 | D:2      | Reached skill level 5 in Spellcasting
   691 | D:1      | Reached XP level 3. HP: 20/20 MP: 9/11
   708 | D:1      | Learned a level 3 spell: Mephitic Cloud
   711 | D:1      | Learned a level 2 spell: Call Imp
   714 | D:1      | Learned a level 2 spell: Blink
  1239 | D:2      | Noticed Sigmund
  1247 | D:2      | Killed Sigmund
  1248 | D:2      | Reached skill level 1 in Fighting
  1248 | D:2      | Reached skill level 1 in Armour
  1248 | D:2      | Reached skill level 6 in Spellcasting
  1248 | D:2      | Reached XP level 4. HP: 26/26 MP: 4/14
  1248 | D:2      | Reached XP level 5. HP: 30/30 MP: 4/15
  2222 | D:2      | Found a faded altar of an unknown god.
  2490 | D:3      | Reached XP level 6. HP: 35/35 MP: 10/17
  3095 | D:3      | Found a sacrificial altar of Ru.
  3204 | D:3      | Found a hide-covered altar of Uskayaw.
  3423 | D:4      | Noticed Dowan
  3426 | D:4      | Noticed Duvessa
  3450 | D:4      | Killed Duvessa
  3451 | D:4      | Reached skill level 1 in Shields
  3451 | D:4      | Reached skill level 7 in Spellcasting
  3459 | D:4      | Killed Dowan
  3596 | D:4      | Reached XP level 7. HP: 37/39 MP: 18/20
  3664 | D:4      | Found a stormy altar of Qazlal.
  3695 | D:4      | Reached skill level 1 in Fire Magic
  3696 | D:4      | Reached skill level 1 in Air Magic
  3708 | D:4      | Reached skill level 8 in Spellcasting
  3715 | D:4      | Reached skill level 1 in Poison Magic
  3715 | D:4      | Reached skill level 1 in Evocations
  4111 | D:4      | Found a white marble altar of Elyvilon.
  4181 | D:4      | Found a runed translucent door.
  4182 | D:4      | Noticed Crazy Yiuf
  4230 | D:4      | Found a basalt altar of Yredelemnul.
  4341 | D:4      | Noticed Pikel
  4358 | D:4      | Slain by a lemure

Illustrated notes

Levels and vault maps discovered:
D:1:      dpeg_arrival_stonehenge_12_columns, layout_basic, minmay_3d_cube
D:2:      layout_basic, shapermc_ecumenical_altar_mp_vishouse,
          corexii_hall_statues_t, hangedman_decor_diamond_cutter, uniq_sigmund
D:3:      layout_basic, nicolae_uskayaw_suspiria,
          nicolae_ru_the_path_less_chosen, minmay_misc_feat_columns
D:4:      layout_layer_cave, nicolae_qazlal_general_emergency,
          kennysheep_mini_moat, old_standard_altar,
          lemuel_coloured_pillars_altar, serial_bayou_pond_b, nicolae_wormholes,
          uniq_grinder, uniq_duvessa, uniq_pikel, uniq_crazy_yiuf_cottage

Skill      XL: |  1  2  3  4  5  6  7 |
---------------+----------------------+-----
Spellcasting   | 5 6 7 8 |  8.4
Fighting       | 1 |  1.8
Armour         | 1 |  1.7
Conjurations   | 2 3 4 |  4.2
Dodging        | 3 |  3.0
Stealth        | 3 |  3.0
Shields        | 1 |  1.2
Fire Magic     | 1 |  1.5
Air Magic      | 1 |  1.0
Poison Magic   | 1 |  1.2
Evocations     | 1 |  1.2
Summonings     | |  1.1
Translocations | |  1.1

Action                   |  1- 3 |  4- 6 |  7- 9 || total
-------------------------+-------+-------+-------++-------
Melee: Dagger            |    18 |       |       ||    18
       Halberd           |       |     7 |       ||     7
       Flail             |       |     8 |       ||     8
       Rapier            |       |    11 |    25 ||    36
 Cast: Magic Dart        |    59 |   120 |    25 ||   204
       Mephitic Cloud    |     1 |     9 |     8 ||    18
       Call Imp          |     1 |     1 |       ||     2
       Blink             |       |       |     1 ||     1
 Stab: Confused          |     1 |     1 |     4 ||     6
Armor: Robe              |     9 |     1 |       ||    10
       Leather armour    |       |     3 |     4 ||     7
Dodge: Dodged            |    18 |    25 |    29 ||    72

Table legend: (Time is in decaauts)
 A = Elapsed time spent in this place.
 B = Non-inter-level travel time spent in this place.
 C = Inter-level travel time spent in this place.
 D = Time resting spent in this place.
 E = Time spent auto-exploring this place.
 F = Levels seen in this place.
 G = Mean time per level.
                   A        B        C        D        E       F      G
               +--------+--------+--------+--------+--------+-----+--------+
         Total |   4369 |   4327 |     42 |     49 |   3639 |   4 | 1092.2 |
       Dungeon |   4369 |   4327 |     42 |     49 |   3639 |   4 | 1092.2 |
               +--------+--------+--------+--------+--------+-----+--------+

Top non-repeatable levels by time:
     D:2: 1317 daAuts
     D:3: 1166 daAuts
     D:4: 955 daAuts
     D:1: 929 daAuts
